Cogmind - Beta 14 @@@ ROGUE MODE // 2024.09.30 @ 13:04:29 Player: Aneyh Result: Destroyed by PN-36G(R) with Subdweller Machine Gun Performance ------------- Evolutions (0) 0 Regions Visited (3) 600 Robots Destroyed (16) 80 Value Destroyed (408) 408 Prototype IDs (0) 0 Alien Tech Used (0) 0 Bonus (30) 30 TOTAL SCORE: 1118 Bonus ------- Follower Combat Kills 39 Friendly Fire -9 Cogmind --------- Core Integrity 0/250 Matter 300/300 Energy 100/100 System Corruption 0% Temperature Cool (0) Movement Rolling (115) Ox1 Location -10/Subcaves Parts ------- > --- POWER (1) -------- (None) > --- PROPULSION (2) --- Compact Wheel > --- UTILITY (2) ------ Large Storage Unit > --- WEAPON (2) ------- Improved Light Cannon > --- INVENTORY (15) --- Visual Processing Unit Sensor Array ECM Suite Hardened Light Armor Plating Hardened Light Armor Plating Hardened Light Armor Plating Scrap Shield Improved Light Cannon Battle Cannon Datajack Mining Laser Flamer Peak State ------------ > --- POWER ------------ Light Nuclear Core > --- PROPULSION ------- Compact Wheel Compact Wheel > --- UTILITY ---------- Large Storage Unit Improved Light Armor Plating > --- WEAPON ----------- Improved Light Cannon Improved Light Cannon > --- INVENTORY -------- Visual Processing Unit Sensor Array ECM Suite Hardened Light Armor Plating Hardened Light Armor Plating Hardened Light Armor Plating Scrap Shield Improved Light Cannon Improved Light Cannon Battle Cannon Grenade Launcher Datajack Mining Laser Flamer [Rating: 15] Favorites ----------- Power Ion Engine Engine Ion Engine Power Core Light Nuclear Core Propulsion Aluminum Leg Leg Aluminum Leg Wheel Compact Wheel Utility Large Storage Unit Storage Large Storage Unit Protection Hardened Light Armor Plating Weapon Improved Light Cannon Energy Gun Medium Laser Ballistic Gun Light Assault Rifle Ballistic Cannon Improved Light Cannon Launcher Grenade Launcher Build | -11 -10 -10 -10 ------- Run | Yrd Mat Min Sub Slots Evolved . | . . . . Power . | . . . . Propulsion . | . . . . Utility . | . . . . Weapon . | . . . . Parts Attached 25 | 6 8 7 4 Power 2 | 1 . . 1 Engine 1 | 1 . . . Core 1 | . . . 1 Reactor . | . . . . Propulsion 5 | 2 . 3 . Treads . | . . . . Leg 3 | 2 . 1 . Wheel 2 | . . 2 . Hover . | . . . . Flight . | . . . . Utility 8 | 1 5 2 . Device . | . . . . Storage 6 | 1 5 . . Processor . | . . . . Hackware . | . . . . Protection 2 | . . 2 . Artifact . | . . . . Weapon 10 | 2 3 2 3 Energy Gun 1 | . 1 . . Energy Cannon . | . . . . Ballistic Gun 3 | 2 1 . . Ballistic Cannon 4 | . . 2 2 Launcher 2 | . 1 . 1 Special Weapon . | . . . . Impact Weapon . | . . . . Slashing Weapon . | . . . . Piercing Weapon . | . . . . Special Melee Weapon . | . . . . Unidentified Prototypes . | . . . . Parts Lost 8 | . . 2 6 Power 2 | . . 1 1 Propulsion 2 | . . 1 1 Utility 1 | . . . 1 Weapon 3 | . . . 3 Highest Loss Streak 6 | . . 1 6 To Critical Strikes . | . . . . Average Slot Usage (%) 90 | . 95 86 85 Engine 8 | . 14 3 . Leg 20 | . 28 18 . Wheel 6 | . . 7 27 Storage 21 | . 23 19 14 Protection 4 | . . 8 14 Energy Gun 7 | . 10 5 . Ballistic Gun 3 | . 7 . . Ballistic Cannon 11 | . . 19 27 Launcher 5 | . 10 2 . Peak Build Rating 15 | 6 9 12 15 Average Rating 8 | 4 7 10 12 On Entrance 6 | . 6 9 12 Naked Turns . | . . . . Heaviest Build 51 | 13 50 51 36 Greatest Support 32 | 20 20 32 32 Greatest Overweight (x) 10 | . 2 10 2 Average Overweight (x) . | . . 1 . Largest Inventory Capacity 15 | 8 15 15 15 Average Capacity 13 | 7 12 15 15 Most Carried 15 | 5 15 15 15 Average Carried 11 | 1 8 15 14 Final Capacity 15 | 8 15 15 15 Final Carried 15 | 2 15 15 13 Class Distribution -------------------- 100% | Mutant Dominant Class ---------------- Mutant | -10/Materials Mutant | -10/Mines Mutant | -10/Subcaves Resources | -11 -10 -10 -10 ----------- Run | Yrd Mat Min Sub Matter Collected 814 | 215 190 330 79 Remotely . | . . . . Salvage Created 420 | . 169 169 82 Parts 26 | . 13 6 7 Haulers Intercepted . | . . . . Recyclers Shooed . | . . . . Parts Field Recycled . | . . . . Retrieved Matter . | . . . . Parts Self-Destructed . | . . . . Prevented . | . . . . Kills | -11 -10 -10 -10 ------- Run | Yrd Mat Min Sub Combat Hostiles Destroyed 20 | . 9 9 2 Guns 7 | . 6 1 . Cannons 8 | . . 8 . AOE 5 | . 3 . 2 Classes Destroyed 7 | . 3 3 1 Recycler 1 | . . 1 . Watcher 1 | . 1 . . Swarmer 6 | . 6 . . Grunt 5 | . 3 2 . Demolisher 1 | . . 1 . Subdweller 2 | . . . 2 Assembled 6 | . . 6 . Best Kill Streak 3 | . 3 3 2 Combat Bots Only 3 | . 3 3 2 Max Kills in Single Turn 2 | . 1 1 2 Gunslinging . | . . . . Exploded 2 | . 1 . 2 Melee . | . . . . Uniques/NPCs Destroyed . | . . . . Combat | -11 -10 -10 -10 -------- Run | Yrd Mat Min Sub Hostile Shots Fired 117 | . 32 45 40 Missed 37 | . 11 13 13 Damage Taken 1524 | . 256 521 747 Core 255 | . 49 73 133 Absorbed by Shields . | . . . . Core Remaining (%) 100 | 100 . . . Volleys Fired 64 | . 21 36 7 Largest 2 | . 2 2 2 Hottest 89 | . 80 89 78 Shots Fired 124 | . 38 72 14 Gun 43 | . 31 12 . Cannon 73 | . . 60 13 Launcher 8 | . 7 . 1 Special . | . . . . Kinetic 93 | . 20 60 13 Thermal 23 | . 11 12 . Explosive 8 | . 7 . 1 Electromagnetic . | . . . . Robot Hit Streak 7 | . 6 7 3 Robot Miss Streak 7 | . 3 7 2 Penetration Max . | . . . . Secondary Targets 1 | . 1 . . Max Gunslinging Chain 1 | . 1 . . Shots Hit Robots 62 | . 21 34 7 Core Hits 36 | . 16 14 6 Critical Kills . | . . . . Critical Parts Destroyed . | . . . . Critical Strikes 2 | . . 2 . Burn 1 | . . 1 . Blast 1 | . . 1 . Melee Attacks . | . . . . Impact . | . . . . Slashing . | . . . . Piercing . | . . . . Sneak Attacks . | . . . . Combat Hostiles . | . . . . Follow-up Attacks . | . . . . Damage Inflicted 1633 | . 518 641 474 Guns 293 | . 180 113 . Cannons 624 | . . 528 96 Explosions 716 | . 338 . 378 Melee . | . . . . Ramming . | . . . . Kinetic 743 | . 119 528 96 Thermal 174 | . 61 113 . Explosive 716 | . 338 . 378 Electromagnetic . | . . . . Impact . | . . . . Slashing . | . . . . Piercing . | . . . . Highest Corruption . | . . . . Average Corruption . | . . . . Corruption Purged . | . . . . Corruption Blocked . | . . . . Overload Shots . | . . . . Overflow Damage 26 | . 6 20 . Projectiles 20 | . . 20 . Explosions 6 | . 6 . . Melee . | . . . . Knockbacks 10 | . . 9 1 Impact . | . . . . Kinetic 9 | . . 8 1 Secondary 1 | . . 1 . Self-Inflicted Damage 87 | . 87 . . Shots 4 | . 4 . . Rammed . | . . . . Targets Rammed . | . . . . Kicked . | . . . . Crushed . | . . . . Highest Temperature 340 | . 58 340 9 Average Temperature 97 | . 26 115 9 Received Heat Transfer 312 | . 24 210 78 Effects 2 | . . 2 . Interference 2 | . . 2 . Siege Activations . | . . . . Robots Corrupted . | . . . . Combat Hostiles . | . . . . Parts Fried . | . . . . Impact Corruptions . | . . . . Robots Melted . | . . . . Combat Hostiles . | . . . . Parts Melted 2 | . . 1 1 Heat Transferred 592 | . 185 407 . Parts Sabotaged . | . . . . Parts Stolen . | . . . . Parts Stripped . | . . . . Power Chain Reactions . | . . . . Alert | -11 -10 -10 -10 ------- Run | Yrd Mat Min Sub Peak Influence 266 | . 266 97 . Initial 26 | . . 26 . Average 66 | . 102 26 . Maximum Alert Level 1 | . 1 . . Low Security (%) 94 | 100 89 100 . Level 1 5 | . 10 . . Level 2 . | . . . . Level 3 . | . . . . Level 4 . | . . . . Level 5 . | . . . . High Security . | . . . . Max Security . | . . . . Squads Dispatched 2 | . 2 . . Investigation 1 | . 1 . . Extermination . | . . . . Reinforcement 1 | . 1 . . Assault . | . . . . Garrison . | . . . . Intercept . | . . . . Searches Triggered . | . . . . Construction Impeded . | . . . . Haulers Reinforced . | . . . . Active Scanning Responses . | . . . . Cargo Convoy Interrupts . | . . . . Stealth | -11 -10 -10 -10 --------- Run | Yrd Mat Min Sub Distress Signals 1 | . 1 . . Communications Jammed . | . . . . Distress Signals . | . . . . Times Spotted 44 | . 13 13 18 Peak Tracking Total 12 | . 3 4 12 Tactical Retreats 5 | . 3 2 . Traps | -11 -10 -10 -10 ------- Run | Yrd Mat Min Sub Traps Triggered 1 | . 1 . . Indirectly . | . . . . Trap Hack Attempts . | . . . . Triggered . | . . . . Disarmed . | . . . . Reprogrammed . | . . . . Reused . | . . . . Traps Extracted . | . . . . Installed . | . . . . Triggered . | . . . . Machines | -11 -10 -10 -10 ---------- Run | Yrd Mat Min Sub Machines Disabled 1 | . 1 . . Max in Single Turn 1 | . 1 . . Machines Repaired . | . . . . Machines Dismantled . | . . . . Machines Sabotaged . | . . . . Overloaded Fab Kills . | . . . . Hacking | -11 -10 -10 -10 --------- Run | Yrd Mat Min Sub Machines Accessed 2 | . 2 . . Terminals 2 | . 2 . . Fabricators . | . . . . Repair Stations . | . . . . Recycling Units . | . . . . Scanalyzers . | . . . . Garrison Access . | . . . . Total Hacks 4 | . 4 . . Successful 2 | . 2 . . Failed 2 | . 2 . . Catastrophic . | . . . . Database Lockouts . | . . . . Manual . | . . . . Terminals 4 | . 4 . . Fabricators . | . . . . Repair Stations . | . . . . Recycling Units . | . . . . Scanalyzers . | . . . . Garrison Access . | . . . . Terminal Hacks 2 | . 2 . . Alert Level 1 | . 1 . . Locate Traps 1 | . 1 . . Fabricator Hacks . | . . . . Repair Station Hacks . | . . . . Recycling Unit Hacks . | . . . . Scanalyzer . | . . . . Garrison Access Hacks . | . . . . Unauthorized Hacks . | . . . . Terminals . | . . . . Fabricators . | . . . . Repair Stations . | . . . . Recycling Units . | . . . . Scanalyzers . | . . . . Garrison Access . | . . . . Data Cores Recovered . | . . . . Used . | . . . . Hacking Detections 1 | . 1 . . Full Trace Events . | . . . . Feedback Events . | . . . . Feedback Blocked . | . . . . Robot Schematics Acquired . | . . . . Robots Built . | . . . . Authchips . | . . . . Time . | . . . . Total Robot Build Rating . | . . . . Part Schematics Acquired . | . . . . Parts Built . | . . . . Authchips . | . . . . Time . | . . . . Total Part Build Rating . | . . . . Parts Repaired . | . . . . Time . | . . . . Parts Recycled . | . . . . Recycled Matter . | . . . . Retrieved Matter . | . . . . Retrieved Components . | . . . . Parts Scanalyzed . | . . . . Part Schematics Acquired . | . . . . Parts Damaged . | . . . . Bothacking | -11 -10 -10 -10 ------------ Run | Yrd Mat Min Sub Used RIF Installer . | . . . . Robots Hacked . | . . . . Non-combat . | . . . . Combat . | . . . . Robot Hacks Applied . | . . . . Relay Couplers Released . | . . . . Fabnet Peak Effective % . | . . . . Robots Rewired . | . . . . Allies Hacked . | . . . . Hacks Repelled . | . . . . Allies | -11 -10 -10 -10 -------- Run | Yrd Mat Min Sub Total Allies 3 | . . 3 . Largest Group 3 | . . 3 2 Highest-Rated Group 40 | . . 40 32 Highest-Rated Ally 16 | . . 16 16 Total Orders 5 | . . . 5 STAY 3 | . . . 3 FOLLOW 2 | . . . 2 Ally Attacks 8 | . . 2 6 Total Damage 83 | . . 33 50 Kills 1 | . . 1 . Allies Corrupted . | . . . . Allies Melted . | . . . . Intel | -11 -10 -10 -10 ------- Run | Yrd Mat Min Sub Robot Analysis Total . | . . . . Derelict Logs Recovered 1 | . . 1 . Drone Launches . | . . . . Drone Recoveries . | . . . . Exploration | -11 -10 -10 -10 ------------- Run | Yrd Mat Min Sub Turns Passed 2214 | 64 1039 842 269 Spaces Moved 1127 | 46 518 381 182 Core 8 | 7 . 1 . Treads . | . . . . Legs 746 | 39 518 189 . Wheels 373 | . . 191 182 Hover . | . . . . Flight . | . . . . Fastest Speed 50 | 50 120 100 100 Average Speed 163 | 109 171 189 101 Slowest Speed 550 | 120 260 550 130 Overloaded Moves . | . . . . Propulsion Burnouts . | . . . . Robots Hopped . | . . . . Cave-ins Triggered . | . . . . Exploration Rate (%) 31 | 4 49 64 10 Regions Visited 3 Branch Regions 2 Pre-discovered Areas . | . . . . Known Exits Taken . | . . . . Unknown Exits Taken 3 | 1 1 1 . Scrap Searched 1 | . . 1 . Spaces Dug . | . . . . Terrain Destroyed 50 | . 38 9 3 Melee . | . . . . Projectile 9 | . . 9 . AOE 41 | . 38 . 3 Terrain Rammed . | . . . . Walls Destroyed . | . . . . Machines Disabled . | . . . . Actions | -11 -10 -10 -10 --------- Run | Yrd Mat Min Sub Total 1379 | 59 636 429 255 Wait 108 | . 52 3 53 Move 1124 | 45 517 380 182 Hop . | . . . . Pick Up 38 | 8 26 . 4 Fast Attach 4 | . . 3 1 Attach 10 | 6 2 . 2 Detach . | . . . . Swap 11 | . 6 4 1 Drop 20 | . 12 3 5 Fire 64 | . 21 36 7 Melee . | . . . . Ram . | . . . . Kick . | . . . . Crush . | . . . . Escape Stasis . | . . . . Rewire . | . . . . Trap . | . . . . Miscellaneous . | . . . . Route ------- -11/Scrapyard -10/Materials (discovered 2 exits: [*Mat] / [*Min]) -10/Mines -10/Subcaves History --------- Turn | Location | Event 6 | -11/Scrapyard | Discovered new exit (range 15) 65 | -11/Scrapyard | Entered Materials 309 | -10/Materials | Discovered new exit (range 9) 318 | -10/Materials | Build established: Mutant 638 | -10/Materials | Discovered new exit (range 15) 1104 | -10/Materials | Entered Mines 1143 | -10/Mines | Learned Materials garrison access intel 1404 | -10/Mines | Assembled infested the area 1852 | -10/Mines | Assisted by bots powering up and referring to "LRC-V3" 1938 | -10/Mines | Discovered new exit (range 9) 1946 | -10/Mines | Entered Subcaves 1946 | -10/Subcaves | Accompanied by 2 allies 1971 | -10/Subcaves | Shifting Twisted Machinery released Flamer 1975 | -10/Subcaves | Shifting Twisted Machinery released Battle Cannon 2189 | -10/Subcaves | Ambushed by swarm of Subdwellers 2189 | -10/Subcaves | Ambushed by Subdwellers from Twisted Machinery 2189 | -10/Subcaves | Ambushed by Subdwellers from Twisted Machinery 2194 | -10/Subcaves | Ambushed by Subdwellers from Twisted Machinery 2199 | -10/Subcaves | Ambushed by Subdweller buried in earth 2200 | -10/Subcaves | Core integrity fell below 50% 2204 | -10/Subcaves | Ambushed by Subdweller buried in earth 2211 | -10/Subcaves | Core integrity fell below 20% 2215 | -10/Subcaves | Ambushed by Subdweller buried in earth 2215 | -10/Subcaves | Ambushed by Subdweller buried in earth 2215 | -10/Subcaves | Destroyed by PN-36G(R) with Subdweller Machine Gun Last Messages --------------- N5-YOT(R): "THANKSYOU!" FX-O0K(R) affixes Scrap Shield Fragment to Scrap Shield. N5-YOT(R) knocked back. 33-IZ6(R) affixes Scrap Shield Fragment to Scrap Shield. HV Slug penetrates 7Y-K0D(R). 7Y-K0D(R) suffers critical hit (Destroy). UW-JZT(R) affixes Scrap Shield Fragment to Scrap Shield. PN-36G(R): "ARGHSUB!" VW-XPH(R): "ARGHSUB!" K1-GNO(h) destroyed. Acquired 17 matter. The unstable cave ceiling collapses. FT-80W(R) destroyed. Com. Wheel destroyed. Imp. Light Armor Plating destroyed. Imp. Light Cannon destroyed. Lgt. Nuclear Core destroyed. Map ----- +----------------------------------------------------+ | " ### #####?????????????????????????????????? | | ### # #?????????????????????????????????? | | # # #?????????????????????????????????? | | " #?????????????????????????????????? | | # "" # ##?????????????????????????????????? | | ### ###/ #??#???????????????????????????????? | | ### ####?#| ## #???????????????????????????????? | | ## #???## #???????????????????????????????? | | ##???# #???????????????????????????????? | | #???# #???????????????????????????????? | | ##??## #???????????????????????????????? | | ##??## ###???????????????????????????????? | | ##??# #?????????????????????????????????? | | ## #??# ##??????????##########????#????????? | | ### #??# ##??????????#""" ##%#### #????????? | | ## ##??# ???????????#""X" ;%# #????????? | | ##?### ##???????????" "#????????? | | #?## ???????????###" R [ ## ######? | | ### ##?###?####?##"" %% % " "## | | ### #??## ### ###"" =[% % [% | | ### ##?# ##" % !&!=%=% | | ## #??# #?#" ;#[%*% =[## | | ## ##?# #??#" ;; #? !*[&##? | | ## ### ####; ;;;R ! = #?? | | #; R [ #?? | | ## @ ; RR ## #"#"#?? | | #### #### #;; ;####??#?#?#?? | | ########??## ####??## # """" #??????????? | | ???????????####??????# ##??????????? | | ?????????????????????###; #######???????????? | | ??????????????????????? R #?????????????????? | | ???????????????????????# R #?????????????????? | | ???????????????????????# #?????????????????? | | ???????????????????????#########?????????????????? | | ?????????????????????????????????????????????????? | | ?????????????????????????????????????????????????? | | ?????????????????????????????????????????????????? | | ?????????????????????????????????????????????????? | | ?????????????????????????????????????????????????? | | ?????????????????????????????????????????????????? | | ?????????????????????????????????????????????????? | | ?????????????????????????????????????????????????? | | ?????????????????????????????????????????????????? | | ?????????????????????????????????????????????????? | | ?????????????????????????????????????????????????? | | | | | | | | | | | +----------------------------------------------------+ Best States ------------- Heat Dissipation 25 Energy Generation 14 Energy Capacity 250 Matter Stores 300 Matter Capacity 300 Sight Range 16 Terrain Scan Density 10 Armor Coverage 150 Evasion (%) 55 Item Schematics ----------------- None Robot Schematics ------------------ None Fabricated ------------ Nothing Alien Tech Used ----------------- None Achievements -------------- I Survived The Infestation Challenges ------------ None Game ------ Seed AssemblyCoolantBeam Manual? 0 Play Time 00:45:33 Cumulative 24.5 hours Start 2024.09.25 @ 14:45:01 End 2024.09.30 @ 13:04:29 Sessions 3 Manual Loads 0 Difficulty Rogue Special Mode None Game No. 33 Rogue 30 Adventurer 0 Explorer 3 Win Type - Total 0 Types 0/0/0/0/0/0/0/0/0 Lore% 6 Gallery% 18 Achievement% 16 Wizard Run 0 Options --------- Layout 1 ASCII 0 Keyboard 0 Movement Mouse Keybinds 0 Fullscreen 1 Font 18/SmallcapsGlow Map View 54x44 Zoom Use 0% Tactical HUD 0 Map Filters NONE Filters NONE Steam 1 RUN: b11873e9-afb8-4b2c-9be8-c900090012bf